 Dungeon Crawl Stone Soup version 0.30.1-11-g7821555f0a (webtiles) character file.

Game seed: 16472792467413642947

20 Kritzelbot the Grave Robber (level 2, 0/17 HPs)
             Began as a Vampire Necromancer on Nov 19, 2023.
             Slain by an adder (3 damage)
             ... on level 2 of the Dungeon.
             The game lasted 00:10:12 (1411 turns).

Kritzelbot the Grave Robber (Vampire Necromancer)   Turns: 1411, Time: 00:10:13

Health: 0/17       AC:  2    Str:  7    XL:     2   Next: 58%
Magic:  5/5        EV: 12    Int: 17    God:
Gold:   23         SH:  0    Dex: 14    Spells: 4/5 levels left

rFire   . . .        h - +0 short sword
rCold   . . .        (no shield)
rNeg    . . .        a - +0 robe
rPois   .            (no helmet)
rElec   .            (no cloak)
rCorr   .            (no gloves)
SInv    +            (no boots)
Will    .....        (no amulet)
Stlth   ++           c - ring of flight
HPRegen 0.42/turn    (no ring)
MPRegen 0.09/turn

%: no passive effects
@: lethally poisoned (0 -> 0), flying, healing quickly
A: alive, fangs 3, see invisible, vampiric 1, [frail 1]
a: Exsanguinate


You were on level 2 of the Dungeon.
You visited 1 branch of the dungeon, and saw 2 of its levels.

You collected 23 gold pieces.

Inventory:

Hand Weapons
 d - a +0 short sword
 h - a +0 short sword (weapon)
Armour
 a - a +0 robe (worn)
Magical Staves
 f - a staff of conjuration
Jewellery
 c - a ring of flight (left hand)
Scrolls
 e - a scroll of fog {unknown}
 j - a scroll of identify {unknown}
 k - a scroll of fear {unknown}
Potions
 b - a potion of magic
 g - a potion of flight {unknown}
 i - a potion of might {unknown}


   Skills:
 + Level 0.5 Short Blades
 + Level 2.3 Dodging
 + Level 3.3 Stealth
 + Level 2.0 Spellcasting
 + Level 4.9 Necromancy


You had 4 spell levels left.
You knew the following spells:

 Your Spells              Type           Power      Damage    Failure   Level
a - Necrotise             Necr           72%        1d7       2%          1

Your spell library contained the following spells:

 Spells                   Type           Power      Damage    Failure   Level
 Vampiric Draining        Necr           18%        2d7       8%          3
 Animate Dead             Necr           18%        N/A       26%         4
 Ozocubu's Armour         Ice            1%         N/A       50%         3
 Agony                    Necr           18%        N/A       56%         5
 Ozocubu's Refrigeration  Ice            0%         4d7       100%        7


Dungeon Overview and Level Annotations

Branches:
Dungeon (2/15)

Altars:


Innate Abilities, Weirdness & Mutations

Your natural rate of healing is accelerated.
You have razor-sharp teeth.
You have supernaturally acute eyesight. (SInv)
You are afflicted with vampirism.
[You are frail. (-10% HP)]


Message History

The adder hisses angrily.
You miss the adder. The adder bites you.
You barely miss the adder. The adder misses you.
You hit the adder.
The adder is lightly wounded.
The adder bites you but does no damage. The adder bites you.
You hit the adder but do no damage.
The adder is lightly wounded.
The adder closely misses you.
You barely miss the adder.
The adder is lightly wounded.
The adder bites you.
You hit the adder. Your bite misses the adder.
The adder is lightly wounded.
The adder barely misses you.
You miss the adder. Your bite misses the adder.
The adder is lightly wounded.
The adder bites you. The adder closely misses you.
You closely miss the adder. Your bite misses the adder.
The adder barely misses you.
You barely miss the adder. The adder misses you.
You hit the adder.
The adder is moderately wounded.
The adder bites you.
You are poisoned.
The adder poisons you! The adder misses you.
You barely miss the adder.
The adder is moderately wounded.
You feel sick. The adder bites you.
You hit the adder. Your bite misses the adder.
The adder is heavily wounded.
You feel sick. The adder bites you.
* * * LOW HITPOINT WARNING * * *
You hit the adder but do no damage.
The adder is heavily wounded.
You feel sick. The adder bites you but does no damage.
You closely miss the adder.
The adder is heavily wounded.
You feel sick. The adder bites you.
You die...

#.........# ..
#.........#
#.#####...†.....###
#..........).......
...............###
#...............##
#.....#########...
#######.....###########.
......S@................
#########.##############
#..#############
##..............
###############


You could see an adder.

Vanquished Creatures
  A worm (D:2)
  2 ball pythons
  2 endoplasms (D:1)
  A giant cockroach (D:1)
  4 hobgoblins (D:1)
  A frilled lizard (D:1)
  3 kobolds
  2 rats (D:1)
16 creatures vanquished.

Notes
Turn   | Place    | Note
-------+----------+-------------------------------------------
     0 | D:1      | Kritzelbot the Vampire Necromancer began the quest for the
                  | Orb.
     0 | D:1      | Reached XP level 1. HP: 13/13 MP: 3/3
   718 | D:1      | Reached XP level 2. HP: 17/17 MP: 3/5
  1411 | D:2      | Slain by an adder

Illustrated notes

Levels and vault maps discovered:
D:1:      dpeg_arrival_leaves_temple_mockup, layout_loops_ring
D:2:      layout_rooms, serial_shops, shop, kennysheep_generic_room_8

Action                     || total
---------------------------++-------
  Melee: Short sword       ||    77
         Bite              ||     6
   Cast: Necrotise         ||     2
Ability: Exsanguinate      ||     1
         Revivify          ||     1
   Stab: Sleeping          ||     3
 Armour: Robe              ||     9
  Dodge: Dodged            ||    41
